Map: Backwater LE

Players

KaelzY

  • Race: Terran Terran
  • Spawn Location: 5:00

oliM - Winner!

  • Race: Protoss Protoss
  • League: Master
  • Spawn Location: 11:00

VOD

Have the link to the VOD?

Description

Time

  • Played on: Jan. 28, 2018, 4:07 a.m.
  • Length: 13:50
Show
View Real Time Build Order
Export as new Build Order

KaelzY Terran 

Build Orders: MMM Bio 

Get SALT Encoding   

  12  0:00  SCV  
  13  0:13  SCV  
  14  0:17  Supply Depot  
  14  0:25  SCV  
  15  0:39  SCV  
  15  0:40  Barracks  
  16  0:51  SCV  
  17  1:03  SCV  
  18  1:05  Refinery  
  18  1:15  SCV  
  19  1:28  Orbital Command, Marine  
  20  1:37  Command Center  
  20  1:47  Supply Depot, Barracks Tech Lab  
  20  1:54  SCV  
  21  2:06  Concussive Shells, Marauder  
  23  2:09  SCV  
  23  2:12  Barracks  
  24  2:23  SCV  
  24  2:28  Marauder  
  27  2:35  SCV  
  28  2:46  Barracks  
  28  2:47  SCV  
  28  2:49  Refinery  
  28  2:51  Marine  
  29  2:53  Orbital Command  
  30  2:59  SCV  
  30  3:01  Barracks Reactor  
  31  3:10  Stimpack  
  31  3:11  SCV  
  32  3:18  SCV, Marine  
  34  3:23  SCV  
  34  3:24  Supply Depot  
  35  3:30  SCV  
  35  3:33  Engineering Bay  
  36  3:35  SCV  
  37  3:43  SCV  
  37  3:48  SCV  
  39  3:50  Marine  
  39  3:51  Barracks Reactor, Marine x2  
  39  3:55  SCV  
  41  3:59  Supply Depot  
  41  4:00  SCV  
  41  4:01  Terran Infantry Weapons Level 1  
  39  4:06  Factory  
  39  4:07  SCV  
  40  4:10  Marine x2  
  40  4:11  Marauder  
  40  4:12  SCV  
  45  4:19  SCV  
  45  4:22  Supply Depot  
  46  4:24  SCV  
  46  4:29  Marine x4  
  52  4:31  SCV  
  52  4:32  Marauder  
  52  4:36  SCV  
  55  4:41  Refinery  
  55  4:43  SCV  
  55  4:45  Supply Depot  
  56  4:47  Marine x4  
  56  4:48  SCV  
  56  4:51  Starport  
  61  4:53  Factory Reactor  
  61  4:54  Marauder  
  61  4:55  SCV  
  63  5:01  SCV  
  64  5:07  SCV  
  64  5:08  Marine x4  
  64  5:10  Combat Shields  
  64  5:13  SCV  
  70  5:15  Marauder  
  70  5:18  Missile Turret  
  70  5:20  Supply Depot  
  72  5:24  SCV  
  72  5:25  SCV, Marine x2  
  72  5:26  Refinery, Marine x2  
  78  5:34  Factory Reactor  
  78  5:36  Supply Depot  
  78  5:42  Marine, Medivac x2  
  83  5:43  Supply Depot, Marine x3  
  86  5:53  Barracks  
  86  5:54  Barracks  
  86  5:58  Marine  
  86  5:59  Terran Infantry Armor Level 1  
  86  6:01  Supply Depot, Marine x3  
  90  6:12  Widow Mine x2  
  90  6:15  Marine  
  90  6:17  Marauder  
  90  6:18  Medivac x2  
  101  6:24  Marine x3  
  104  6:29  Supply Depot x2  
  104  6:34  Widow Mine x2  
  104  6:38  Marauder, Liberator x2  
  110  6:43  Barracks Tech Lab  
  110  6:44  Barracks Tech Lab  
  110  6:48  Marine  
  110  6:50  Marine x3  
  113  6:56  Widow Mine  
  113  6:58  Widow Mine  
  123  7:09  Marine, Marauder  
  123  7:14  Marine, Marauder x2  
  123  7:15  Supply Depot  
  131  7:17  Widow Mine  
  133  7:24  Liberator  
  133  7:30  Marine  
  133  7:35  Liberator  
  133  7:36  Supply Depot, Marine x2  
  135  7:37  Widow Mine  
  141  7:58  Marine, Marauder x3  
  149  8:07  Liberator  
  138  8:15  Marine x2  
  138  8:16  Marine x2  
  138  8:18  Liberator  
  146  8:20  Marauder x3  
  147  8:33  Marine x3  
  147  8:34  Marine  
  140  8:39  Supply Depot  
  140  8:41  Supply Depot, Marauder  
  134  8:48  Marauder  
  134  8:49  Marauder  
  134  8:50  Widow Mine x2  
  134  8:51  Marine x3  
  134  8:55  Liberator  
  141  8:59  Marine  
  144  9:02  Marauder  
  144  9:09  Marine x3  
  148  9:10  Marauder x2  
  153  9:17  Marine  
  153  9:21  Widow Mine  
  156  9:24  Marauder  
  156  9:27  Marine x2  
  158  9:31  Marauder x2  
  129  9:53  Marine  
  129  9:54  Marine, Marauder  
  129  9:55  Widow Mine  
  129  9:56  Widow Mine  
  133  10:03  Liberator x2  
  126  10:12  Marine x3, Marauder  
  126  10:13  Marine, Marauder  
  133  10:17  Widow Mine, Marauder  
  130  10:30  Marine x3  
  130  10:34  Marine, Marauder x2  
  129  10:38  Marauder  
  129  10:48  Marine x3  
  113  10:55  Marauder x2  
  107  11:00  Marauder  
  107  11:01  Marine  
  110  11:06  Marine  
  107  11:16  Marauder  
  107  11:17  Marauder  
  101  11:18  Marine  
  101  11:19  Marine x2  
  101  11:21  Marauder  
  101  11:22  Widow Mine  
  101  11:24  Widow Mine  
  108  11:31  Medivac  
  107  11:33  Medivac  
  107  11:37  Marine x4  
  107  11:38  Marauder  
  115  11:44  Widow Mine  
  115  11:45  Widow Mine  
  119  11:56  Marine x3, Marauder x2  
  126  12:05  Widow Mine  
  126  12:06  Widow Mine  
  130  12:18  Marine x3, Marauder x3  
  130  12:20  Liberator  
  133  12:25  Marine, Liberator  
  134  12:36  Marine  
  135  12:39  Marauder  
  141  13:01  Marine x2, Marauder  
  141  13:02  Marauder  
Show
View Real Time Build Order
Export as new Build Order

oliM Protoss - Winner!

Build Orders: 1 Gate Expand, Blink Stalkers 

Get SALT Encoding   

  12  0:01  Probe  
  13  0:13  Probe  
  14  0:19  Pylon  
  14  0:26  Probe  
  15  0:38  Gateway, Probe (Chrono Boost)  
  16  0:48  Assimilator, Probe (Chrono Boost)  
  17  0:53  Probe (Chrono Boost)  
  18  1:04  Probe  
  19  1:16  Probe  
  20  1:24  Nexus  
  20  1:35  Cybernetics Core  
  20  1:38  Probe (Chrono Boost)  
  21  1:48  Assimilator, Probe (Chrono Boost)  
  21  1:53  Probe (Chrono Boost)  
  22  2:01  Pylon  
  23  2:15  Warp Gate  
  23  2:18  Stalker (Chrono Boost)  
  23  2:19  Probe  
  26  2:31  Probe  
  26  2:35  Twilight Council  
  27  2:39  Probe (Chrono Boost)  
  27  2:41  Stalker  
  31  2:47  Probe (Chrono Boost)  
  31  2:51  Probe (Chrono Boost)  
  32  2:57  Probe (Chrono Boost)  
  32  2:58  Probe (Chrono Boost)  
  34  3:07  Probe (Chrono Boost)  
  34  3:09  Gateway  
  34  3:11  Gateway  
  35  3:13  Shield Battery  
  36  3:20  Probe (Chrono Boost), Blink (Chrono Boost)  
  36  3:23  Probe (Chrono Boost)  
  37  3:28  Probe (Chrono Boost)  
  37  3:29  Probe (Chrono Boost)  
  37  3:44  Probe  
  37  3:49  Probe  
  35  3:56  Probe  
  35  4:01  Probe  
  36  4:05  Robotics Facility  
  36  4:08  Probe  
  37  4:13  Probe  
  37  4:15  Assimilator  
  38  4:20  Probe, Stalker x3  
  45  4:25  Probe  
  45  4:30  Pylon  
  46  4:46  Pylon  
  46  4:48  Probe x2  
  46  4:52  Stalker x3  
  54  5:02  Observer (Chrono Boost), Probe  
  54  5:04  Probe  
  55  5:08  Nexus  
  55  5:11  Pylon  
  56  5:14  Probe  
  56  5:16  Probe  
  56  5:20  Robotics Bay  
  56  5:21  Sentry  
  59  5:26  Probe  
  60  5:28  Immortal (Chrono Boost)  
  60  5:31  Probe  
  65  5:42  Gateway  
  65  5:43  Gateway  
  65  5:47  Assimilator  
  65  5:50  Probe  
  65  5:52  Pylon  
  65  5:53  Probe  
  65  5:54  Sentry  
  69  6:02  Probe  
  69  6:03  Pylon  
  70  6:05  Pylon  
  70  6:07  Colossus (Chrono Boost)  
  76  6:16  Shield Battery  
  76  6:19  Extended Thermal Lance (Chrono Boost)  
  76  6:22  Shield Battery  
  76  6:32  Sentry  
  78  6:35  Gateway x2  
  78  6:41  Stalker x2  
  82  6:52  Colossus (Chrono Boost)  
  82  6:58  Zealot x3  
  94  7:02  Shield Battery  
  94  7:06  Charge (Chrono Boost)  
  94  7:08  Probe  
  95  7:14  Probe  
  97  7:15  Probe  
  97  7:18  Forge  
  97  7:20  Dark Shrine, Probe  
  97  7:21  Observer  
  98  7:26  Probe  
  99  7:34  Colossus (Chrono Boost)  
  105  7:39  Probe  
  106  7:45  Probe  
  106  7:46  Probe  
  106  7:51  Pylon  
  108  7:52  Pylon  
  108  7:54  Protoss Ground Weapons Level 1 (Chrono Boost)  
  109  7:58  Probe  
  109  8:00  Pylon  
  109  8:09  Probe  
  109  8:12  Stalker x2  
  112  8:13  Stalker x2  
  116  8:26  Pylon  
  116  8:31  Stalker  
  116  8:32  Stalker x2  
  116  8:35  Assimilator  
  116  8:40  Assimilator  
  114  8:47  Dark Templar  
  102  8:51  Gateway x2  
  102  8:53  Gateway, Zealot x2  
  102  8:55  Zealot x3  
  110  9:02  Gateway  
  110  9:04  Pylon  
  104  9:14  Pylon  
  104  9:17  Stalker, Dark Templar  
  106  9:18  Stalker x3  
  106  9:22  Pylon  
  106  9:39  Stalker x2  
  106  9:43  Stalker x2  
  100  9:49  Stalker  
  90  9:59  Stalker x2  
  98  10:05  Stalker  
  98  10:06  Stalker x2  
  88  10:07  Stalker  
  88  10:09  Zealot  
  88  10:10  Zealot  
  92  10:20  Stalker  
  78  10:24  Stalker  
  78  10:25  Stalker  
  82  10:33  Stalker x3  
  82  10:34  Stalker  
  82  10:35  Stalker x2  
  64  10:57  Stalker x4  
  70  11:14  Protoss Ground Armor Level 1 (Chrono Boost)  
  70  11:18  Probe  
  69  11:25  Probe  
  70  11:26  Observer  
  70  11:29  Dark Templar  
  72  11:37  Nexus  
  72  11:41  Stalker, Shield Battery  
  72  11:43  Sentry  
  76  11:52  Stalker x2  
  80  11:57  Probe  
  80  12:00  Zealot  
  80  12:20  Probe  
  80  12:21  Probe  
  80  12:25  Dark Templar  
  80  12:28  Sentry  
  84  12:30  Stalker x2  
  84  12:32  Probe  
  84  12:33  Probe  
  90  12:44  Probe, Sentry x2  
  93  12:47  Stalker x2  
  97  13:01  Stalker x3  
Tags
 
Add a new tag
Caveats
  • Supply blocks, unpowered buildings, or Contaminate may cause inaccurate times.
  • Supply counts are checked every 10 seconds.